 Dungeon Crawl Stone Soup version 0.28.0-43-g3370ac3207 (webtiles) character file.

Game seed: 11642353931595601728

242 DearestLeader the Vexing (level 6, -5/70 HPs)
             Began as a Gnoll Arcane Marksman on Feb 28, 2022.
             Was a Plaything of Xom.
             Slain by Eustachio
             ... wielding a +4 rapier of venom
              (7 damage)
             ... on level 4 of the Dungeon.
             The game lasted 00:07:27 (3446 turns).

DearestLeader the Vexing (Gnoll Arcane Marksman)    Turns: 3446, Time: 00:07:28

Health: -5/70      AC:  5    Str: 11    XL:     6   Next: 9%
Magic:  11/11      EV: 17    Int: 13    God:    Xom [..*...]
Gold:   96         SH:  0    Dex: 12    Spells: 3/11 levels left

rFire   . . .      SeeInvis .   i - +0 whip
rCold   . . .      Faith    .   (no shield)
rNeg    . . .      Spirit   .   o - +0 leather armour
rPois   .          Reflect  .   (no helmet)
rElec   .          Harm     .   (no cloak)
rCorr   .          Rampage  .   f - +1 pair of gloves
Will    .....                   (no boots)
Stlth   ..........              (no amulet)
HPRegen 0.21/turn               n - +4 ring of evasion
MPRegen 0.12/turn               (no ring)

@: brilliant, berserking, lethally poisoned (-5 -> -12), very quick
A: fangs 1, strong nose, distributed training
a: Renounce Religion


You were on level 4 of the Dungeon.
You worshipped Xom.
You were a toy of Xom.
You visited 1 branch of the dungeon, and saw 4 of its levels.

You collected 96 gold pieces.

Inventory:

Hand Weapons
 a - a +0 shortbow
 i - a +0 whip (weapon)
Missiles
 c - 10 arrows
 h - 20 sling bullets
 q - 8 poisoned darts (quivered)
Armour
 e - a +0 ring mail
 f - a +1 pair of gloves (worn)
 o - a +0 leather armour (worn)
Magical Staves
 g - a staff of air
 m - a staff of poison
Jewellery
 n - a +4 ring of evasion (left hand)
Scrolls
 j - 2 scrolls of identify
 k - 2 scrolls of enchant armour
 l - a scroll of magic mapping
 p - a scroll of teleportation {unknown}


   Skills:
 + Level 3.1 Fighting
 + Level 1.8 Short Blades
 + Level 1.8 Long Blades
 + Level 1.8 Axes
 + Level 1.8 Maces & Flails
 + Level 1.8 Polearms
 + Level 1.8 Staves
 + Level 1.8 Slings
 + Level 4.9 Bows
 + Level 1.8 Crossbows
 + Level 1.8 Throwing
 + Level 1.8 Armour
 + Level 4.9 Dodging
 + Level 1.8 Stealth
 + Level 1.8 Shields
 + Level 1.8 Unarmed Combat
 + Level 3.3 Spellcasting
 + Level 1.4 Conjurations
 + Level 5.6 Hexes
 + Level 1.4 Summonings
 + Level 1.4 Necromancy
 + Level 1.4 Translocations
 + Level 1.4 Transmutations
 + Level 1.4 Fire Magic
 + Level 1.4 Ice Magic
 + Level 1.4 Air Magic
 + Level 1.4 Earth Magic
 + Level 1.4 Poison Magic
 + Level 2.0 Invocations
 + Level 1.8 Evocations


You had 3 spell levels left.
You knew the following spells:

 Your Spells              Type           Power      Damage    Failure   Level
a - Slow                  Hex            100%       N/A       3%          1
b - Inner Flame           Hex/Fire       16%        N/A       21%         3
c - Cause Fear            Hex            12%        N/A       28%         4

Your spell library contained the following spells:

 Spells                   Type           Power      Damage    Failure   Level
 Ensorcelled Hibernation  Hex/Ice        32%        N/A       11%         2
 Dazzling Flash           Conj/Hex       32%        N/A       21%         3
 Portal Projectile        Hex/Tloc       32%        N/A       21%         3
 Passwall                 Tmut/Erth      6%         N/A       24%         2
 Swiftness                Air            8%         N/A       43%         3
 Iskenderun's Mystic Bla  Conj/Tloc      8%         2d4       85%         4
 Starburst                Conj/Fire      4%         6d3       100%        6


Dungeon Overview and Level Annotations

Branches:
Dungeon (4/15)
 Temple: D:4-7

Altars:
Xom

Annotations:
D:4 Eustachio


Innate Abilities, Weirdness & Mutations

You have very sharp teeth.
Your uncanny sense of smell can sniff out nearby items.
Your experience applies equally to all skills.


Message History

You see here 10 gold pieces.
You closely miss Eustachio. You bite Eustachio, but do no damage.
Eustachio hits you with a +4 rapier of venom.
You are poisoned.
You closely miss Eustachio. You bite Eustachio, but do no damage.
You feel very sick.
Eustachio hits you with a +4 rapier of venom!
* * * LOW HITPOINT WARNING * * *
A lemure comes into view.
* * * LOW HITPOINT WARNING * * *
You feel sick.
Eustachio gestures wildly while chanting.
Eustachio blinks!
It was a potion of berserk rage.
A red film seems to cover your vision as you go berserk!
You feel yourself moving faster!
You feel mighty!
You feel sick.
Eustachio gestures wildly while chanting.
You miss Eustachio.
You feel sick.
Eustachio growls, "To hell with you, honourless miscreant!"
Eustachio barely misses you.
You hit Eustachio. Your bite misses Eustachio.
Eustachio is lightly wounded.
You feel sick.
Eustachio hits you with a +4 rapier of venom.
* * * LOW HITPOINT WARNING * * *
You are lethally poisoned!
You completely miss Eustachio.
Eustachio is lightly wounded.
* * * LOW HITPOINT WARNING * * *
You feel sick.
The white imp shouts, "Tremble, thou baffled rude-growing varlet!"
You closely miss Eustachio. Your bite misses Eustachio.
Eustachio is lightly wounded.
* * * LOW HITPOINT WARNING * * *
You feel sick. "Go forth and cause havoc, mortal!"
You feel clever all of a sudden.
Eustachio hits you with a +4 rapier of venom!
You die...
Xom is highly amused!

.# .# . .##
#. ####.. #.
.... .. #..#
##.#.##..###
....5..$5@.#
5..#.##.@#.#
#..# ......
..#####.# ##
.# ∆ #


You could see Eustachio, a lemure and an iron imp (summoned).

Vanquished Creatures
  Natasha (thrice) (D:3)
  2 orc wizards
  3 adders
  A worm (D:2)
  3 dart slugs
  7 orcs
  11 bats
  4 endoplasms
  2 giant cockroaches (D:2)
  A goblin (D:3)
  5 hobgoblins
  6 jackals
  5 quokkas
  2 ball pythons
  4 frilled lizards
  9 kobolds
  9 rats
77 creatures vanquished.

Notes
Turn   | Place    | Note
-------+----------+-------------------------------------------
     0 | D:1      | DearestLeader the Gnoll Arcane Marksman began the quest for
                  | the Orb.
     0 | D:1      | Reached XP level 1. HP: 17/17 MP: 4/4
    45 | D:1      | Reached XP level 2. HP: 20/23 MP: 5/5
   386 | D:1      | Reached XP level 3. HP: 27/28 MP: 7/7
   757 | D:2      | Reached skill level 1 in Invocations
  1025 | D:2      | Reached skill level 1 in Short Blades
  1025 | D:2      | Reached skill level 1 in Long Blades
  1025 | D:2      | Reached skill level 1 in Axes
  1025 | D:2      | Reached skill level 1 in Maces & Flails
  1025 | D:2      | Reached skill level 1 in Polearms
  1025 | D:2      | Reached skill level 1 in Staves
  1025 | D:2      | Reached skill level 1 in Slings
  1025 | D:2      | Reached skill level 1 in Crossbows
  1025 | D:2      | Reached skill level 1 in Throwing
  1025 | D:2      | Reached skill level 1 in Armour
  1025 | D:2      | Reached skill level 1 in Stealth
  1025 | D:2      | Reached skill level 1 in Shields
  1025 | D:2      | Reached skill level 1 in Unarmed Combat
  1025 | D:2      | Reached skill level 1 in Evocations
  1359 | D:2      | Reached XP level 4. HP: 14/34 MP: 8/8
  1363 | D:2      | Learned a level 3 spell: Inner Flame
  1368 | D:2      | Learned a level 4 spell: Cause Fear
  1959 | D:3      | Reached skill level 1 in Conjurations
  1959 | D:3      | Reached skill level 1 in Summonings
  1959 | D:3      | Reached skill level 1 in Necromancy
  1959 | D:3      | Reached skill level 1 in Translocations
  1959 | D:3      | Reached skill level 1 in Transmutations
  1959 | D:3      | Reached skill level 1 in Fire Magic
  1959 | D:3      | Reached skill level 1 in Ice Magic
  1959 | D:3      | Reached skill level 1 in Air Magic
  1959 | D:3      | Reached skill level 1 in Earth Magic
  1959 | D:3      | Reached skill level 1 in Poison Magic
  2401 | D:3      | Reached XP level 5. HP: 40/40 MP: 9/9
  2430 | D:3      | Noticed Natasha
  2439 | D:3      | Killed Natasha
  2487 | D:3      | Noticed Natasha
  2491 | D:3      | Killed Natasha
  2563 | D:3      | Noticed Natasha
  2577 | D:3      | Killed Natasha
  3205 | D:4      | Reached XP level 6. HP: 37/47 MP: 10/10
  3368 | D:4      | Found a shimmering altar of Xom.
  3434 | D:4      | Became a worshipper of Xom of Chaos
  3437 | D:4      | Noticed Eustachio
  3445 | D:4      | HP: 3/70 [poisoned by Eustachio]
  3446 | D:4      | XOM: potion effect (brilliance)
  3446 | D:4      | Slain by Eustachio

Illustrated notes

Levels and vault maps discovered:
D:1:      moated_graveyard_arrival, layout_rooms
D:2:      cheibrodos_helix_gallery, layout_loops_ring, minmay_misc_feat_roman
D:3:      layout_loops_cross, minmay_circle_x, uniq_natasha
D:4:      layout_loops_cross, led_xom_imps, uniq_pikel, uniq_sigmund,
          uniq_menkaure, uniq_eustachio

Skill      XL: |  1  2  3  4  5 |
---------------+----------------+-----
Invocations    | 1 2 |  2.0
Short Blades   | 1 |  1.8
Long Blades    | 1 |  1.8
Axes           | 1 |  1.8
Maces & Flails | 1 |  1.8
Polearms       | 1 |  1.8
Staves         | 1 |  1.8
Slings         | 1 |  1.8
Crossbows      | 1 |  1.8
Throwing       | 1 |  1.8
Armour         | 1 |  1.8
Stealth        | 1 |  1.8
Shields        | 1 |  1.8
Unarmed Combat | 1 |  1.8
Evocations     | 1 |  1.8
Spellcasting   | 3 |  3.3
Conjurations   | 1 |  1.4
Summonings     | 1 |  1.4
Necromancy     | 1 |  1.4
Translocations | 1 |  1.4
Transmutations | 1 |  1.4
Fire Magic     | 1 |  1.4
Ice Magic      | 1 |  1.4
Air Magic      | 1 |  1.4
Earth Magic    | 1 |  1.4
Poison Magic   | 1 |  1.4
Fighting       | 3 |  3.1
Bows           | |  4.9
Dodging        | |  4.9
Hexes          | |  5.6

Action                   |  1- 3 |  4- 6 || total
-------------------------+-------+-------++-------
Melee: Staff             |    31 |       ||    31
       Whip              |    16 |    58 ||    74
       Bite              |     6 |     6 ||    12
       Punch             |     1 |       ||     1
 Fire: Shortbow          |    83 |   148 ||   231
 Cast: Slow              |     2 |     1 ||     3
       Inner Flame       |       |     1 ||     1
  Use: Scroll            |       |     4 ||     4
       Potion            |       |     1 ||     1
 Stab: Sleeping          |     1 |     1 ||     2
Armor: Robe              |     9 |    14 ||    23
       Leather armour    |       |    30 ||    30
Dodge: Dodged            |    53 |   138 ||   191
